 Dungeon Crawl Stone Soup version 0.17-a0-1718-g72dbe4d (console) character file.

39 lauthentik the Firebug (level 3, -4/19 HPs)
             Began as a Kobold Fire Elementalist on Aug 25, 2015.
             Slain by a worm (11 damage)
             ... on level 1 of the Dungeon.
             The game lasted 00:06:17 (1327 turns).

lauthentik the Firebug (Kobold Fire Elementalist)   Turns: 1327, Time: 00:06:17

Health: -4/19      AC:  2    Str:  6    XL:     3   Next: 67%
Magic:  0/6        EV: 15    Int: 14    God:
Gold:   59         SH:  0    Dex: 16    Spells: 1 memorised, 5 levels left

rFire  . . .     SeeInvis .     g - +0 dagger
rCold  . . .     Clarity  .     a - +0 robe
rNeg   . . .     SustAt   .     (shield restricted)
rPois  .         Gourm    .     (no helmet)
rElec  .         Spirit   .     (no cloak)
rCorr  .         Warding  .     (no gloves)
rMut   .         Stasis   .     (no boots)
MR     .....                    (no amulet)
Stlth  +++.......               (no ring)
                                (no ring)

@: not resistant to hostile enchantments, fairly stealthy
A: carnivore 3
a: no special abilities


You were on level 1 of the Dungeon.
You were very full.

You visited 1 branch of the dungeon, and saw 2 of its levels.

You collected 59 gold pieces.

Inventory:

Hand weapons
 g - a +0 dagger (weapon)
Armour
 a - a +0 robe (worn)
Scrolls
 e - a scroll of recharging {unknown}
 f - a scroll of remove curse {unknown}
 h - a scroll of fog {unknown}
 i - a scroll of noise {unknown}
 k - a scroll of immolation {unknown}
Potions
 d - a potion of heal wounds {unknown}
Books
 b - a book of Flames

   Spells                             Type                      Level
   a - Flame Tongue                   Conjuration/Fire             1
   b - Throw Flame                    Conjuration/Fire             2
   c - Conjure Flame                  Conjuration/Fire             3
   d - Inner Flame                    Hexes/Fire                   3
   e - Sticky Flame                   Conjuration/Fire             4
   f - Fireball                       Conjuration/Fire             5
Comestibles
 c - a meat ration


   Skills:
 + Level 2.5 Dodging
 + Level 3.2 Stealth
 + Level 2.3 Spellcasting
 + Level 1.3 Conjurations
 + Level 3.6 Fire Magic


You had 5 spell levels left.
You knew the following spells:

 Your Spells              Type           Power        Failure   Level  Hunger
a - Flame Tongue          Conj/Fire      #....        10%         1    #......


Dungeon Overview and Level Annotations

Branches:
Dungeon (2/15)

Altars:


Innate Abilities, Weirdness & Mutations

You are small and have problems with some larger weapons.
You are carnivorous and can eat meat at any time.


Message History

The flame tongue hits the worm.
The worm is lightly wounded.
You hit the worm.
The worm is moderately wounded.
The worm misses you.
You hit the worm.
The worm is heavily wounded.
You hit the worm but do no damage.
The worm is heavily wounded.
The worm closely misses you.
Casting: Flame Tongue
Confirm with . or Enter, or press ? or * to list all spells.
Aiming: Flame Tongue
Press: ? - help, Shift-Dir - straight line, f/p - worm
Aim: a worm (moderately wounded)
The flame tongue hits the worm.
The worm is heavily wounded.
The worm bites you!
Ouch! That really hurt!
You die...

##########.#####.#
#.....w....#.....#
#.########..P♣♣..#
#.#......#.P.♣♣♣.#
#w#.####.#....P.P# #.#.#
#.#.#PP.P##### #.#.#
#.#..........#
#.#.####.#......(...#
#........#@.........# ###
####♣#♣#♣.######w.........#
#.. ..........#
#..........# #.#
####♣...♣.######..........#
#.#
.............w.....>......#
#.#
####♣#♣#♣).##.##..........#
### #..##.##.##'#######
#......#.......#
#.#....#######.#


You could see a worm.

Vanquished Creatures
  A ball python (D:1)
  3 giant cockroaches (D:1)
  3 hobgoblins (D:1)
  3 jackals (D:2)
  5 kobolds (D:1)
  7 bats
  2 giant newts (D:1)
  5 goblins (D:1)
  9 rats (D:1)
  A plant (D:1)
39 creatures vanquished.

Notes
Turn   | Place    | Note
--------------------------------------------------------------
     0 | D:1      | lauthentik the Kobold Fire Elementalist began the quest for the Orb.
     0 | D:1      | Reached XP level 1. HP: 10/10 MP: 3/3
   108 | D:1      | Reached XP level 2. HP: 15/15 MP: 0/5
   376 | D:1      | Reached skill level 1 in Conjurations
   687 | D:1      | Reached XP level 3. HP: 16/19 MP: 3/6
  1327 | D:1      | Slain by a worm

Vault maps used:
D:1:      minmay_arrival_stair_chambers, serial_forest,
          infiniplex_forest_clump_diagonal, infiniplex_forest_fountain,
          infiniplex_forest_clump_curved, infiniplex_forest_lined_room_,
          infiniplex_forest_lined_3_way, infiniplex_forest_clump_small
D:2:      first_bread, minmay_shallow_snake_nest

Action                   || total
-------------------------++-------
Melee: Unarmed           ||     5
       Dagger            ||   125
 Cast: Flame Tongue      ||    66
  Eat: Chunk             ||     9
